 Dungeon Crawl Stone Soup version 0.27-a0-406-g23f261fbd2 (webtiles) character file.

Game seed: 13824457186013918858

1992 kae the Cleaver (level 9, -1/73 (79) HPs)
             Began as a Hill Orc Fighter on Feb 22, 2021.
             Was a Follower of Qazlal.
             Slain by a wight
             ... wielding a +3 halberd of freezing
              (4 damage)
             ... on level 7 of the Dungeon.
             The game lasted 00:04:11 (6520 turns).

kae the Cleaver (Hill Orc Fighter)                  Turns: 6520, Time: 00:04:12

HP:   -1/73 (79)    AC: 14    Str: 22    XL:     9   Next: 21%
MP:   0/11          EV:  9    Int:  8    God:    Qazlal [*.....]
Gold: 427           SH: 11    Dex: 13    Spells: 8/8 levels left

rFire    . . .     SeeInvis .   a - +1 war axe
rCold    . . .     Faith    .   c - +0 kite shield
rNeg     . . .     Spirit   +   b - +0 scale mail
rPois    .         Reflect  .   m - +1 helmet
rElec    .         Harm     .   h - +0 cloak
rCorr    .         Rampage  .   u - +1 pair of gloves {Dex+3}
Will     .....                  v - +0 pair of boots
Stlth    ..........             j - amulet of guardian spirit
HPRegen  0.22/turn              (no ring)
MPRegen  0.12/turn              (no ring)

@: lethally poisoned (-1 -> -11), drained
A: blurry vision 1, mutation resistance 1
a: Renounce Religion


You were on level 7 of the Dungeon.
You worshipped Qazlal.
Qazlal was aware of your devotion.
You visited 2 branches of the dungeon, and saw 8 of its levels.

You collected 427 gold pieces.

Inventory:

Hand Weapons
 a - a +1 war axe (weapon)
Armour
 b - a +0 scale mail (worn)
 c - a +0 kite shield (worn)
 h - a +0 cloak (worn)
 m - a +1 helmet (worn)
 u - a +1 pair of gloves of dexterity (worn)
 v - a +0 pair of boots (worn)
Jewellery
 j - an amulet of guardian spirit (around neck)
 r - an amulet of faith
 A - an amulet of the acrobat {unknown}
Wands
 g - a wand of digging (7)
 w - a wand of polymorph (7)
 x - a wand of random effects (19)
 y - a wand of iceblast (5)
Scrolls
 e - 3 scrolls of teleportation
 f - a scroll of fog
 p - 4 scrolls of identify
 q - 2 scrolls of blinking
 t - 3 scrolls of amnesia
Potions
 d - a potion of might
 i - a potion of flight
 k - a potion of lignification
 l - 2 potions of berserk rage
 o - 2 potions of curing
 s - a potion of brilliance
 z - a potion of mutation
 B - 2 potions of haste {unknown}


   Skills:
 + Level 7.1 Fighting
 * Level 9.8 Axes
 + Level 6.4 Armour
 + Level 4.0 Dodging
 - Level 3.2 Shields
 + Level 3.4 Invocations


You had 8 spell levels left.
You didn't know any spells.
Your spell library was empty.

Dungeon Overview and Level Annotations

Branches:
Dungeon (7/15)             Temple (1/1) D:5

Altars:
Ashenzari
Cheibriados
Dithmenos
Elyvilon
Fedhas
Gozag
Hepliaklqana
Kikubaaqudgha
Makhleb
Okawaru
Qazlal
Sif Muna
Trog
Uskayaw
Vehumet
Wu Jian
Yredelemnul
Zin
The Shining One

Shops:
D:4 (


Innate Abilities, Weirdness & Mutations

Scrolls take you a little longer to read.
You are somewhat resistant to further mutation.


Message History

* * * LOW HITPOINT WARNING * * *
The wight barely misses you. You block the wight's attack.
You block the killer bee's attack.
Your life force feels restored.
Your Dodging skill increases to level 4!
You closely miss the killer bee.
The killer bee is severely wounded.
You hit the wight but do no damage. The killer bee misses you.
The killer bee closely misses you.
The wight is engulfed in freezing vapours.
The wight hits you with a +0 short sword.
* * * LOW HITPOINT WARNING * * *
You feel drained.
* * * LOW HITPOINT WARNING * * *
The wight hits you from afar with a +3 halberd of freezing!
* * * LOW HITPOINT WARNING * * *
You feel drained.
* * * LOW HITPOINT WARNING * * *
The wight freezes you.
* * * LOW HITPOINT WARNING * * *
The killer bee stings you but does no damage.
The wight is engulfed in freezing vapours.
The wight barely misses you.
Okay, then.
You feel much better.
You feel sick. You block the killer bee's attack. You block the wight's attack.
The killer bee barely misses you. The wight hits you but does no damage.
You miss the killer bee.
The killer bee is severely wounded.
You hit the wight.
You destroy the wight!
Qazlal accepts your kill. The killer bee stings you.
* * * LOW HITPOINT WARNING * * *
You are more poisoned.
The killer bee poisons you!
The wight hits you from afar with a +3 halberd of freezing!
* * * LOW HITPOINT WARNING * * *
You feel drained.
You die...

#.......#.)......_(.
#......
##.....###........P.
#####..
#.....###.........
##
.......#........#.
........#........#
........#........#
#......##.......#
#...##..#
...#######@)####
........z)y°...#
zz.............#
.z.##..........# .
#..........#
#...........+
#...........#
#...........#
##...####+###


You could see a killer bee and a wight.

Vanquished Creatures
  The ghost of Inkie the Cudgeller, an amateur DsAK of Lugonu (D:3)
  2 black bears (D:7)
  2 ice beasts
  4 ogres
  A centaur (D:7)
  2 kobold brigands
  A phantom (D:6)
  2 killer bees (D:7)
  4 wights (D:7)
  A bullfrog zombie (D:6)
  A centaur zombie (D:5)
  A jelly (D:7)
  A hound (D:5)
  A centaur skeleton (D:6)
  4 iguanas
  Terence (D:2)
  An orc wizard (D:4)
  4 worker ants
  7 gnolls
  A howler monkey skeleton (D:5)
  5 adders
  A white imp (D:7)
  An ufetubus (D:6)
  An ooze (D:2)
  An adder skeleton (D:6)
  2 worms
  4 dart slugs
  4 leopard geckos
  6 orcs
  A ball python (D:2)
  5 giant cockroaches
  11 goblins
  11 hobgoblins
  17 jackals
  2 quokkas
  9 bats
  5 frilled lizards
  A giant cockroach zombie (D:6)
  21 kobolds
  6 rats
156 creatures vanquished.

Notes
Turn   | Place    | Note
-------+----------+-------------------------------------------
     0 | D:1      | kae the Hill Orc Fighter began the quest for the Orb.
     0 | D:1      | Reached XP level 1. HP: 19/19 MP: 1/1
   123 | D:1      | You fall into a shaft and drop 1 floor!
   137 | D:2      | Reached skill level 3 in Axes
   141 | D:2      | Reached XP level 2. HP: 26/27 MP: 2/2
   196 | D:2      | Reached XP level 3. HP: 16/33 MP: 3/3
   196 | D:2      | Gained mutation: Scrolls take you a little longer to read.
                  | [potion of mutation]
   196 | D:2      | Gained mutation: You expend magic power (3 MP) to
                  | strengthen your wands. [potion of mutation]
   196 | D:2      | Lost mutation: You expend magic power (3 MP) to strengthen
                  | your wands. [potion of mutation]
   196 | D:2      | Gained mutation: You are somewhat resistant to further
                  | mutation. [potion of mutation]
   656 | D:1      | Reached skill level 4 in Axes
   675 | D:1      | Reached skill level 1 in Dodging
   873 | D:1      | Reached XP level 4. HP: 40/40 MP: 4/4
  1258 | D:2      | Found an opulent altar of Gozag.
  1535 | D:2      | Noticed Terence
  1608 | D:2      | Killed Terence
  1609 | D:2      | Reached XP level 5. HP: 42/47 MP: 3/5
  2048 | D:3      | Found a faded altar of an unknown god.
  2082 | D:3      | Reached skill level 5 in Axes
  2302 | D:3      | Found an ornate altar of the Wu Jian Council.
  2396 | D:3      | Noticed an ice beast
  2402 | D:3      | Killed an ice beast
  2403 | D:3      | Reached XP level 6. HP: 36/55 MP: 3/6
  2676 | D:3      | Found a runed translucent gate.
  2676 | D:3      | Found a runed translucent gate.
  2676 | D:3      | Found a runed translucent gate.
  2678 | D:3      | Noticed Inkie's ghost (amateur DsAK)
  2761 | D:3      | Found a blossoming altar of Fedhas.
  2762 | D:3      | Found an ancient bone altar of Kikubaaqudgha.
  3370 | D:3      | Reached skill level 5 in Fighting
  3370 | D:3      | Reached skill level 6 in Axes
  3386 | D:3      | Killed Inkie's ghost
  3387 | D:3      | Reached XP level 7. HP: 37/61 MP: 4/7
  3905 | D:4      | Found a hazy altar of Hepliaklqana.
  3929 | D:4      | Reached skill level 7 in Axes
  3929 | D:4      | Reached skill level 5 in Armour
  4066 | D:4      | Found Zutotref's Weapon Emporium.
  4256 | D:5      | Entered Level 5 of the Dungeon
  4374 | D:5      | Found a staircase to the Ecumenical Temple.
  4500 | Temple   | Entered the Ecumenical Temple
  4709 | Temple   | Became a worshipper of Qazlal Stormbringer
  4793 | D:5      | Reached XP level 8. HP: 70/70 MP: 8/8
  4798 | D:5      | Reached skill level 8 in Axes
  5478 | D:6      | Reached skill level 1 in Invocations
  6068 | D:7      | Found a basalt altar of Yredelemnul.
  6184 | D:7      | Reached * piety under Qazlal
  6185 | D:7      | Reached skill level 9 in Axes
  6191 | D:7      | Reached XP level 9. HP: 24/78 MP: 4/11
  6423 | D:7      | Found a bloodstained altar of Trog.
  6518 | D:7      | HP: 3/75 [wight/+3 halberd of freezing (1)]
  6520 | D:7      | Slain by a wight

Illustrated notes

Levels and vault maps discovered:
D:1:      onia_arrival_mini_spirals, layout_basic, wad_floor_pattern_1,
          nrook_loot_triangle
D:2:      layout_basic, nicolae_gozag_cash_rules_everything_around_me,
          minmay_tetromino_t4, uniq_terence
D:3:      layout_loops_corners, grunt_temple_overflow_growth_and_decay,
          lemuel_doored_altar, gammafunk_ghost_nasty_kobolds,
          chequers_ecumenical_altar_simple, minmay_misc_feat_encased,
          amcnicky_mini_corridor_feature, minivault_5, minmay_diced_spiral
D:4:      layout_basic, overflow_temple_1_default, serial_shops,
          kennysheep_mini_moat, kennysheep_generic_room_7
D:5:      layout_basic, minmay_temple_entry_fiery
D:6:      layout_cave_pools, minmay_holes, minmay_increasing_density
D:7:      layout_gridville, lemuel_crystal_altar, yredelemnul_altar_generic,
          lemuel_coloured_pillars_altar, trog_ov_bears_minmay, minivault_27,
          nicolae_tso_swordbearing_angel
Temple:   minmay_temple_bridge_abc

Skill      XL: |  1  2  3  4  5  6  7  8  9 |
---------------+----------------------------+-----
Axes           | 3 4 5 6 7 9 |  9.8
Fighting       | 4 5 6 7 |  7.1
Dodging        | 1 2 3 4 |  4.0
Armour         | 4 5 6 |  6.4
Invocations    | 2 3 |  3.4
Shields        | |  3.2

Action                   |  1- 3 |  4- 6 |  7- 9 || total
-------------------------+-------+-------+-------++-------
Melee: War axe           |    92 |   170 |   175 ||   437
  Use: Potion            |     2 |     1 |     7 ||    10
       Scroll            |       |    12 |       ||    12
Armor: Scale mail        |    52 |    64 |   115 ||   231
Dodge: Dodged            |    38 |    52 |   113 ||   203
Block: Kite shield       |    72 |    92 |   130 ||   294

Table legend: (Time is in decaauts)
 A = Elapsed time spent in this place.
 B = Non-inter-level travel time spent in this place.
 C = Inter-level travel time spent in this place.
 D = Time resting spent in this place.
 E = Time spent auto-exploring this place.
 F = Levels seen in this place.
 G = Mean time per level.
                   A        B        C        D        E       F      G
               +--------+--------+--------+--------+--------+-----+--------+
         Total |   6690 |   6421 |    269 |    639 |   4611 |   8 |  836.2 |
       Dungeon |   6458 |   6211 |    247 |    639 |   4414 |   7 |  922.6 |
        Temple |    231 |    210 |     21 |      0 |    197 |   1 |  231.0 |
               +--------+--------+--------+--------+--------+-----+--------+

Top non-repeatable levels by time:
     D:3: 1726 daAuts
     D:2: 1155 daAuts
     D:5: 853 daAuts
     D:1: 801 daAuts
     D:6: 739 daAuts
     D:4: 703 daAuts
     D:7: 479 daAuts
  Temple: 231 daAuts
